 Dungeon Crawl Stone Soup version 0.29-a0-321-gf1c400731a (webtiles) character file.

Game seed: 4536909115916867821

4 Flugslaktarn the Vexing (level 1, 0/16 HPs)
             Began as a Palentonga Enchanter on Apr 2, 2022.
             Frozen to death by an endoplasm (5 damage)
             ... on level 1 of the Dungeon.
             The game lasted 00:01:09 (159 turns).

Flugslaktarn the Vexing (Palentonga Enchanter)       Turns: 159, Time: 00:01:09

Health: 0/16       AC:  4    Str: 11    XL:     1   Next: 58%
Magic:  3/3        EV:  9    Int: 15    God:
Gold:   33         SH:  0    Dex: 10    Spells: 4/4 levels left

rFire   . . .      SeeInvis +   a - +1 dagger
rCold   . . .      Faith    .   (no shield)
rNeg    . . .      Spirit   .   b - +0 robe
rPois   .          Reflect  .   (no helmet)
rElec   .          Harm     .   (no cloak)
rCorr   .          Rampage  .   (no gloves)
Will    .....                   (no barding)
Stlth   ++........              (no amulet)
HPRegen 0.05/turn               (no ring)
MPRegen 0.08/turn               (no ring)

@: no status effects
A: large, rugged brown scales 3, see invisible, deformed body, roll 1, armoured
tail
a: Rolling Charge


You were on level 1 of the Dungeon.
You visited 1 branch of the dungeon, and saw 2 of its levels.

You collected 33 gold pieces.

Inventory:

Hand Weapons
 a - a +1 dagger (weapon)
Armour
 b - a +0 robe (worn)
Potions
 c - 2 potions of invisibility
 d - a potion of might {unknown}
 e - a potion of curing {unknown}
 f - a potion of degeneration {unknown}


   Skills:
 + Level 1.2 Fighting
 - Level 1.0 Short Blades
 - Level 1.5 Dodging
 - Level 2.0 Stealth
 - Level 2.0 Spellcasting
 - Level 3.0 Hexes


You had 4 spell levels left.
You didn't know any spells.
Your spell library contained the following spells:

 Spells                   Type           Power      Damage    Failure   Level
 Ensorcelled Hibernation  Hex/Ice        12%        N/A       19%         2
 Confusing Touch          Hex            10%        N/A       19%         3
 Tukima's Dance           Hex            10%        N/A       19%         3
 Dazzling Flash           Conj/Hex       12%        N/A       34%         3


Dungeon Overview and Level Annotations

Branches:
Dungeon (2/15)

Altars:


Innate Abilities, Weirdness & Mutations

You are completely covered in rugged brown scales. (AC +3, +7% HP)
You have supernaturally acute eyesight. (SInv)
Armour fits poorly on your strangely shaped body.
You can roll at nearby foes to attack.
You have a long armoured tail.


Message History

You open the door.
Found a dark potion.
There is an open door here.
d - a dark potion You open the door.
There is an open door here.
Found 12 gold pieces and a blue potion.
You now have 12 gold pieces.
e - a blue potion You open the door.
There is an open door here.
A ball python comes into view.
Found a stone staircase leading down.
The ball python hisses angrily.
The ball python barely misses you.
You don't know any spells.
Okay, then.
Unknown command.
Unknown command.
You don't know any spells.
Okay, then.
Unknown command.
You closely miss the ball python.
The ball python bites you but does no damage.
You hit the ball python.
You kill the ball python!
Found a ruby potion.
There is a stone staircase leading down here.
f - a ruby potion
Found 7 gold pieces.
You now have 19 gold pieces (gained 7).
There is a stone staircase leading down here.
You climb downwards.
Found a hunting sling and 12 stones.
There is a stone staircase leading up here.
Found a stone staircase leading down.
Found 15 stones.
Found a stone staircase leading up.
You see here 15 stones.
There is a stone staircase leading up here.
You climb upwards.
The goblin shouts!
Found four items.
There is a stone staircase leading down here.
An endoplasm comes into view.
Roll where?
Press: ? - help, Dir - move target, f - goblin
Aim: a goblin, wielding a +0 club You roll forward with a clatter of scales!
Found a hand axe.
The endoplasm quivers.
You hit the goblin.
You kill the goblin!
A rat comes into view.
Found a potion of invisibility.
Things that are here:
a +0 club; 14 gold pieces; a goblin corpse You hit the rat.
You kill the rat!
A rat comes into view.
Things that are here:
a +0 club; 14 gold pieces; a goblin corpse You now have 33 gold pieces (gained 14).
An endoplasm comes into view.
The rat attacks as you move away! The rat closely misses you.
You hit the rat.
The rat is heavily wounded.
The rat barely misses you.
You hit the rat.
You kill the rat!
Your Fighting skill increases to level 1!
You hit the endoplasm.
The endoplasm is moderately wounded.
The endoplasm hits you.
You hit the endoplasm.
The endoplasm is heavily wounded.
The endoplasm freezes you.
You are frozen.
You hit the endoplasm.
The endoplasm is severely wounded.
The endoplasm freezes you.
You are frozen.
You hit the endoplasm.
You kill the endoplasm!
You hit the endoplasm but do no damage. The endoplasm hits you.
You completely miss the endoplasm. The endoplasm hits you.
You hit the endoplasm but do no damage. You barely miss the endoplasm.
You tail-slap the endoplasm.
The endoplasm is moderately wounded.
The endoplasm misses you.
You barely miss the endoplasm.
The endoplasm is moderately wounded.
The endoplasm closely misses you.
You hit the endoplasm but do no damage.
Your tail-slap misses the endoplasm.
The endoplasm is moderately wounded.
The endoplasm hits you.
You hit the endoplasm.
The endoplasm is heavily wounded.
The endoplasm freezes you.
You are frozen.
You die...

. ###.# .. .... ...
.... ....
###..######...#...#
.............?....
#...#.@..........
#.###...#J#.#...#...#
#.....!.......(.....#
...#...#.#........
#.#.#...#.#.#...#
.............>..#.#.
.....................
..#..............?...
..........)..........


You could see an endoplasm.

Vanquished Creatures
  An endoplasm (D:1)
  A goblin (D:1)
  A ball python (D:1)
  2 rats (D:1)
5 creatures vanquished.

Notes
Turn   | Place    | Note
-------+----------+-------------------------------------------
     0 | D:1      | Flugslaktarn the Palentonga Enchanter began the quest for
                  | the Orb.
     0 | D:1      | Reached XP level 1. HP: 13/13 MP: 3/3
   149 | D:1      | Reached skill level 1 in Fighting
   159 | D:1      | Frozen to death by an endoplasm

Illustrated notes

Levels and vault maps discovered:
D:1:      minmay_arrival_glassed_features, layout_basic,
          shapermc_ecumenical_altar_gd
D:2:      layout_basic

Skill      XL: |  1 |
---------------+----+-----
Fighting       | 1 |  1.2
Short Blades   | |  1.0
Dodging        | |  1.5
Stealth        | |  2.0
Spellcasting   | |  2.0
Hexes          | |  3.0

Action                   || total
-------------------------++-------
Melee: Dagger            ||    17
       Tailslap          ||     1
 Abil: Rolling Charge    ||     1
Armor: Robe              ||     1
Dodge: Dodged            ||     5

Table legend: (Time is in decaauts)
 A = Elapsed time spent in this place.
 B = Non-inter-level travel time spent in this place.
 C = Inter-level travel time spent in this place.
 D = Time resting spent in this place.
 E = Time spent auto-exploring this place.
 F = Levels seen in this place.
 G = Mean time per level.
                   A        B        C        D        E       F      G
               +--------+--------+--------+--------+--------+-----+--------+
         Total |    158 |    158 |      0 |      0 |      0 |   2 |   79.0 |
       Dungeon |    158 |    158 |      0 |      0 |      0 |   2 |   79.0 |
               +--------+--------+--------+--------+--------+-----+--------+

Top non-repeatable levels by time:
     D:1: 142 daAuts
     D:2: 15 daAuts
